 Dungeon Crawl Stone Soup version 0.28-a0-1616-g050a50673c (webtiles) character file.

Game seed: 9174209450384523734

2493 grumblor the Chopper (level 9, -1/46 HPs)
             Began as a Vine Stalker Fighter on Jan 23, 2022.
             Slain by Grum (17 damage)
             ... on level 9 of the Dungeon.
             The game lasted 00:10:00 (5663 turns).

grumblor the Chopper (Vine Stalker Fighter)         Turns: 5663, Time: 00:10:00

Health: -1/46      AC: 16    Str: 21    XL:     9   Next: 52%
Magic:  0/10       EV:  7    Int:  8    God:
Gold:   322        SH:  6    Dex: 20    Spells: 8/8 levels left

rFire   + + .      SeeInvis .   r - +0 war axe (drain)
rCold   + . .      Faith    .   b - +0 buckler of Pride {rPois rF++ rCorr Str-2}
rNeg    . . .      Spirit   +   c - +0 plate armour
rPois   +          Reflect  .   k - +0 helmet
rElec   .          Harm     .   h - +0 cloak
rCorr   +          Rampage  .   (no gloves)
Will    +....                   g - +0 pair of boots
Stlth   ..........              (no amulet)
HPRegen 0.95/turn               q - +6 ring of dexterity
MPRegen 0.12/turn               x - ring of protection from cold

@: no status effects
A: fangs 3, regeneration 1, magic shield, antimagic bite, no potion heal 2
a: no special abilities


You were on level 9 of the Dungeon.
You visited 1 branch of the dungeon, and saw 9 of its levels.

You collected 322 gold pieces.

Inventory:

Hand Weapons
 a - a +0 war axe of flaming
 r - a +0 war axe of draining (weapon)
Missiles
 f - 2 javelins
 i - 4 boomerangs
 n - 10 poisoned darts (quivered)
Armour
 b - the +0 buckler of Pride (worn) {rPois rF++ rCorr Str-2}
   (You acquired it on level 4 of the Dungeon)

   Str:       It affects your strength (-2).
   rF:        It greatly protects you from fire.
   rPois:     It protects you from poison.
   rCorr:     It protects you from acid and corrosion.
 c - a +0 plate armour (worn)
 g - a +0 pair of boots (worn)
 h - a +0 cloak (worn)
 k - a +0 helmet (worn)
Jewellery
 q - a +6 ring of dexterity (left hand)
 x - a ring of protection from cold (right hand)
Wands
 o - a wand of acid (6)
 s - a wand of iceblast (15)
 t - a wand of polymorph (12)
 w - a wand of paralysis (14)
Scrolls
 j - a scroll of summoning
 l - 5 scrolls of enchant weapon
 p - 2 scrolls of fear
 y - a scroll of silence
 A - a scroll of fog
Potions
 d - 3 potions of might
 e - 2 potions of lignification
 m - a potion of cancellation
 u - a potion of attraction
 v - 3 potions of curing
 z - a potion of invisibility {unknown}


   Skills:
 + Level 4.7 Fighting
 + Level 6.2 Axes
 - Level 2.0 Throwing
 * Level 5.9 Armour
 * Level 3.6 Dodging
 + Level 3.6 Shields
 * Level 3.7 Evocations


You had 8 spell levels left.
You didn't know any spells.
Your spell library contained the following spells:

 Spells                   Type           Power      Damage    Failure   Level
 Inner Flame              Hex/Fire       0%         N/A       100%        3
 Cause Fear               Hex            0%         N/A       100%        4
 Alistair's Intoxication  Tmut/Pois      0%         N/A       100%        5
 Borgnjor's Vile Clutch   Necr/Erth      0%         N/A       100%        5
 Eringya's Noxious Bog    Tmut/Pois      0%         N/A       100%        6
 Discord                  Hex            0%         N/A       100%        8


Dungeon Overview and Level Annotations

Branches:
Dungeon (10/15)               Orc (0/2) D:10
 Temple: D:4-7         Lair: D:8-11

Altars:
Elyvilon
Okawaru
Yredelemnul
Zin

Shops:
D:1 (   D:4 !

Annotations:
D:9 Gastronok, Grum, Harold


Innate Abilities, Weirdness & Mutations

You have razor-sharp teeth.
Your natural rate of healing is unusually fast.
When hurt, damage is shared between your health and your magic reserves.
Your bite disrupts and absorbs the magic of your enemies.
Potions cannot restore your health.


Message History

No target in view!
You start resting.
Magic restored.
You start resting.
HP restored.
You climb upwards.
Level annotation: Gastronok, Grum, Harold The orc shouts!
You hear a shout!
The water moccasin closely misses you.
An orc warrior comes into view. It is wielding a +0 long sword.
Harold throws a throwing net.
The throwing net hits you.
You become entangled in the net!
The water moccasin barely misses you.
There is a stone staircase leading down here.
You see here a throwing net.
You can't go up here!
You struggle against the net.
The water moccasin bites you but does no damage.
You struggle against the net.
The water moccasin bites you.
The orc priest invokes the aid of Beogh against you.
Pain shoots through your body!
The water moccasin bites you but does no damage.
You struggle against the net.
An orc warrior comes into view. It is wielding a +0 glaive.
The orc hits you but does no damage.
The water moccasin bites you but does no damage.
Unknown command.
You shred the net and break free!
Grum drinks a potion.
Grum goes berserk!
You block the water moccasin's attack.
The orc priest hits you but does no damage.
You block the orc's attack.
An orc comes into view. It is wielding a +0 flail.
Unknown command.
You can't go up here!
Unknown command.
The orc shouts!
The water moccasin bites you. The orc closely misses you.
The orc priest calls down the wrath of Beogh upon you.
Beogh smites you!
Grum hits you from afar with a -2 halberd!!
You die...

..
#############..
........)......
...............
...............
...............
!.o..oo@.......
.....oo@S....w.
...............
.........g.....
...............
.o.............
...............
...###..<###...
... #...# ###


You could see Gastronok, Harold, Grum (berserk), 2 orc warriors, a water
moccasin, an orc priest and 3 orcs.

Vanquished Creatures
  An unseen horror (D:10)
  A troll (D:6)
  Eustachio (D:5)
  A water moccasin (D:3)
  3 black bears
  An ogre (D:5)
  2 wolves (D:10)
  3 scorpions
  A bullfrog (D:7)
  4 wights
  A centaur zombie (D:5)
  2 centaur skeletons
  A jelly (D:7)
  An orc priest (D:7)
  A gnoll shaman (D:7)
  7 hounds
  4 orc wizards
  Ijyb (D:4)
  Terence (D:2)
  2 iguanas
  5 gnolls (D:7)
  A howler monkey skeleton (D:5)
  7 adders
  2 white imps (D:5)
  An adder skeleton (D:3)
  4 worms
  3 dart slugs
  8 orcs
  4 bats
  2 endoplasms (D:1)
  3 giant cockroaches
  11 goblins
  7 hobgoblins
  7 jackals (D:1)
  3 quokkas
  5 ball pythons
  3 frilled lizards
  6 kobolds
  2 rats
123 creatures vanquished.

Notes
Turn   | Place    | Note
-------+----------+-------------------------------------------
     0 | D:1      | grumblor the Vine Stalker Fighter began the quest for the
                  | Orb.
     0 | D:1      | Reached XP level 1. HP: 11/11 MP: 2/2
   297 | D:1      | Reached XP level 2. HP: 14/16 MP: 3/3
   544 | D:1      | Reached skill level 2 in Axes
   603 | D:1      | Reached XP level 3. HP: 19/19 MP: 4/4
   714 | D:1      | Found Waxky's Antique Weapon Shop.
   722 | D:1      | Found a faded altar of an unknown god.
   826 | D:1      | Noticed an ogre
   826 | D:1      | Noticed an ogre
   826 | D:1      | Noticed an ogre
   826 | D:1      | Noticed an ogre
  1249 | D:2      | Noticed Terence
  1258 | D:2      | Killed Terence
  1259 | D:2      | Reached skill level 1 in Throwing
  1259 | D:2      | Reached skill level 1 in Dodging
  1259 | D:2      | Gained mutation: Your natural rate of healing is unusually
                  | fast. [Vine Stalker growth]
  1259 | D:2      | Reached XP level 4. HP: 13/24 MP: 2/5
  1429 | D:2      | Reached XP level 5. HP: 28/28 MP: 6/6
  2335 | D:3      | Noticed a water moccasin
  2343 | D:3      | Reached skill level 3 in Axes
  2344 | D:3      | Killed a water moccasin
  2345 | D:3      | Reached XP level 6. HP: 32/32 MP: 5/7
  2395 | D:3      | Found an iron altar of Okawaru.
  2412 | D:3      | Noticed a black bear
  2420 | D:3      | Killed a black bear
  2421 | D:3      | Reached skill level 1 in Evocations
  2884 | D:3      | Reached XP level 7. HP: 36/36 MP: 8/8
  3204 | D:4      | Reached skill level 4 in Axes
  3240 | D:4      | Found Cieseuh's Distillery.
  3314 | D:4      | Noticed Ijyb
  3331 | D:4      | Killed Ijyb
  3350 | D:4      | Identified a scroll of acquirement
  3350 | D:4      | Acquired the +0 buckler of Pride {rPois rF++ rCorr Str-2}
  3731 | D:4      | Found a glowing silver altar of Zin.
  3864 | D:5      | Entered Level 5 of the Dungeon
  3864 | D:5      | Noticed Eustachio
  3877 | D:5      | Killed Eustachio
  3954 | D:5      | Gained mutation: You have razor-sharp teeth. [Vine Stalker
                  | growth]
  3954 | D:5      | Reached XP level 8. HP: 42/42 MP: 9/9
  4443 | D:6      | Reached skill level 5 in Axes
  4666 | D:6      | Noticed a troll
  4673 | D:6      | Killed a troll
  4674 | D:6      | Reached skill level 5 in Armour
  4674 | D:6      | Reached XP level 9. HP: 35/46 MP: 8/10
  4723 | D:6      | Found a white marble altar of Elyvilon.
  4834 | D:6      | Found a basalt altar of Yredelemnul.
  5377 | D:7      | You fall into a shaft and drop 3 floors!
  5377 | D:10     | Entered Level 10 of the Dungeon
  5377 | D:10     | Found a staircase to the Orcish Mines.
  5618 | D:10     | Killed an unseen horror
  5619 | D:10     | Reached skill level 6 in Axes
  5631 | D:9      | Noticed Harold
  5631 | D:9      | Noticed Grum
  5633 | D:9      | Noticed Gastronok
  5663 | D:9      | Slain by Grum

Illustrated notes

Levels and vault maps discovered:
D:1:      erik_arrival_cave_to_civilisation [erik_arrival_cave_to_temple],
          layout_basic, hellmonk_ecumenical_altar_leap_of_faith, serial_shops,
          shop, serial_bayou_pond_c, minmay_pentomino_o2
D:2:      layout_basic, serial_rivers, chequers_serial_rivers_micro_d,
          chequers_serial_rivers_room_b, chequers_serial_rivers_large_a,
          chequers_serial_rivers_micro_b, chequers_serial_rivers_micro_a,
          chequers_serial_rivers_micro_c, uniq_terence
D:3:      layout_basic, general_overflow_altar
D:4:      layout_loops_ring, zin_statuary, serial_shops,
          nicolae_shop_waterfront, uniq_ijyb
D:5:      layout_basic, uniq_eustachio
D:6:      layout_gridville, kennysheep_ying_yang, serial_glass, glass_columns_a,
          glass_columns_c, item_on_display_a, hangedman_abyss_or_decor_slice,
          nicolae_elevator_lobby_asterisk
D:7:      layout_loops_ring, minmay_temple_entry_hall, minmay_unpleasant_kobolds
D:9:      layout_cross, uniq_gastronok, uniq_psyche, uniq_harold, uniq_grum
D:10:     layout_basic, orc_0_dummy, moated_statue

Skill      XL: |  1  2  3  4  5  6  7  8  9 |
---------------+----------------------------+-----
Axes           | 2 3 4 5 6 |  6.2
Fighting       | 3 4 |  4.7
Throwing       | 1 2 |  2.0
Dodging        | 1 2 3 |  3.6
Shields        | 3 |  3.6
Armour         | 3 4 5 |  5.9
Evocations     | 1 2 3 |  3.7

Action                   |  1- 3 |  4- 6 |  7- 9 || total
-------------------------+-------+-------+-------++-------
Melee: War axe           |    64 |    69 |   201 ||   334
       Bite              |     8 |    22 |    76 ||   106
Throw: Javelin           |       |     4 |       ||     4
       Dart              |       |       |     9 ||     9
Evoke: Wand              |       |     2 |       ||     2
  Use: Scroll            |     3 |     6 |     7 ||    16
Armor: Scale mail        |    42 |    24 |    39 ||   105
       Plate armour      |       |       |   123 ||   123
       Chain mail        |       |       |     1 ||     1
Dodge: Dodged            |    35 |    29 |    89 ||   153
Block: Buckler           |    13 |    23 |    65 ||   101

Table legend: (Time is in decaauts)
 A = Elapsed time spent in this place.
 B = Non-inter-level travel time spent in this place.
 C = Inter-level travel time spent in this place.
 D = Time resting spent in this place.
 E = Time spent auto-exploring this place.
 F = Levels seen in this place.
 G = Mean time per level.
                   A        B        C        D        E       F      G
               +--------+--------+--------+--------+--------+-----+--------+
         Total |   5802 |   5559 |    243 |    295 |   4233 |   9 |  644.7 |
       Dungeon |   5802 |   5559 |    243 |    295 |   4233 |   9 |  644.7 |
               +--------+--------+--------+--------+--------+-----+--------+

Top non-repeatable levels by time:
     D:1: 1240 daAuts
     D:2: 1034 daAuts
     D:3: 921 daAuts
     D:6: 851 daAuts
     D:4: 770 daAuts
     D:5: 622 daAuts
    D:10: 282 daAuts
     D:7: 71 daAuts
     D:9: 8 daAuts
